 Dungeon Crawl Stone Soup version 0.27.1-2-g3b301248ec (webtiles) character file.

Game seed: 13612153434536334933

11 nxtlvl the Charlatan (level 2, -7/21 HPs)
             Began as a Formicid Artificer on Sept 26, 2021.
             Mangled by a gnoll (9 damage)
             ... on level 2 of the Dungeon.
             The game lasted 00:00:47 (27 turns).

nxtlvl the Charlatan (Formicid Artificer)             Turns: 27, Time: 00:00:47

Health: -7/21      AC:  3    Str: 16    XL:     2   Next: 35%
Magic:  2/2        EV: 11    Int: 10    God:
Gold:   0          SH:  0    Dex: 11    Spells: 1/1 levels left

rFire    . . .     SeeInvis +   a - +0 club
rCold    . . .     Faith    .   (no shield)
rNeg     . . .     Spirit   .   b - +0 leather armour
rPois    .         Reflect  .   (helmet unavailable)
rElec    .         Harm     .   (no cloak)
rCorr    .         Rampage  .   (no gloves)
Will     .....                  (no boots)
Stlth    +.........             (no amulet)
HPRegen  0.07/turn              (no ring)
MPRegen  0.08/turn              (no ring)

@: no status effects
A: permanent stasis, dig shafts and tunnels, antennae 3, four strong arms
a: Dig, Shaft Self


You were on level 2 of the Dungeon.
You visited 1 branch of the dungeon, and saw 2 of its levels.

Inventory:

Hand Weapons
 a - a +0 club (weapon)
Armour
 b - a +0 leather armour (worn)
Wands
 c - a wand of flame (15) (quivered)
 d - a wand of charming (11)
Miscellaneous
 e - a piece from Xom's chessboard (14/15)


   Skills:
 - Level 1.1 Fighting
 + Level 0.0 Maces & Flails
 - Level 2.3 Armour
 - Level 0.9 Dodging
 - Level 1.2 Stealth
 - Level 3.9 Evocations


You had one spell level left.
You didn't know any spells.
Your spell library was empty.

Dungeon Overview and Level Annotations

Branches:
Dungeon (1/15)

Altars:


Innate Abilities, Weirdness & Mutations

You cannot be hasted, slowed, berserked, paralysed or teleported.
You can dig through walls and to a lower floor.
You have a pair of large antennae on your head. (SInv)
Your four strong arms can wield two-handed weapons with a shield.


Message History

The gnoll misses your gnoll.
Your gnoll hits the gnoll with a +0 halberd!
The gnoll dies!
The gnoll hits your gnoll with a +0 flail!
Your gnoll dies!
You have reached level 2!
Okay, then.
You make a move on Xom's chessboard...
The gnoll appears confused.
You see here a +0 flail.
You catch the helpless gnoll completely off-guard!
You hit the gnoll.
The gnoll is lightly wounded.
The gnoll closely misses you.
You hit the gnoll.
The gnoll is moderately wounded.
The gnoll hits you with a +0 flail.
You hit the gnoll but do no damage.
The gnoll is moderately wounded.
You barely miss the gnoll.
The gnoll is moderately wounded.
The gnoll barely misses you.
You hit the gnoll but do no damage.
The gnoll is moderately wounded.
The gnoll closely misses you.
You barely miss the gnoll.
The gnoll is moderately wounded.
A jackal comes into view.
Found a stone staircase leading down.
You hit the gnoll.
The gnoll is heavily wounded.
The jackal barks!
The gnoll seems less confused.
The gnoll hits you with a +0 flail. The gnoll hits you with a +0 flail!
You closely miss the gnoll.
The gnoll is heavily wounded.
A jackal comes into view.
The gnoll hits you with a +0 flail!
* * * LOW HITPOINT WARNING * * *
The gnoll hits you with a +0 flail!
You die...

#. #. #. #. #. >
#.###
....##.g.#######.#
....h.<.@........#
.h..######..)#####
.. #..)# #..)#
#...# #...# #...#
#...# #####


You could see a gnoll and 2 jackals.

Vanquished Creatures (collateral kills)
  2 gnolls (D:2)
2 creatures vanquished.

Vanquished Creatures (others)
  A gnoll (D:2)
1 creature vanquished.

Grand Total: 3 creatures vanquished

Notes
Turn   | Place    | Note
-------+----------+-------------------------------------------
     0 | D:1      | nxtlvl the Formicid Artificer began the quest for the Orb.
     0 | D:1      | Reached XP level 1. HP: 15/15 MP: 1/1
     3 | D:1      | You fall into a shaft and drop 1 floor!
    12 | D:2      | Reached XP level 2. HP: 21/21 MP: 2/2
    27 | D:2      | Mangled by a gnoll

Illustrated notes

Levels and vault maps discovered:
D:1:      sevenhm_arrival_forest_fort_large_2, layout_basic,
          hangedman_decor_growths, kennysheep_doodads
D:2:      cheibrodos_old_hovel, layout_rooms, serial_co_window_serial,
          co_window_corner_a, co_window_corner_a, co_window_paths_a,
          co_window_of_opportunity_a, co_window_paths_a,
          co_window_unsneaky_path_b, co_window_2corner, co_window_corner_ca,
          co_window_corner_cb, co_window_2corner, co_window_4corner_b,
          glass_columns_a, glass_columns_a, shapermc_ecumenical_altar_pompeii,
          minivault_5

Action                   || total
-------------------------++-------
Melee: Club              ||     8
 Abil: Shaft Self        ||     1
Evoke: Wand              ||     4
       Piece from Xom's  ||     1
 Stab: Confused          ||     1
Dodge: Dodged            ||     3
